 Dungeon Crawl Stone Soup version 0.30.0-18-gc0e69614cb (webtiles) character file.

Game seed: 14995710157557202676

126 BlasphemerAmon the Sneak (level 4, 0/30 HPs)
             Began as a Vampire Enchanter on May 23, 2023.
             Slain by Pargi (4 damage)
             ... in a sewer.
             The game lasted 00:04:10 (2497 turns).

BlasphemerAmon the Sneak (Vampire Enchanter)        Turns: 2497, Time: 00:04:10

Health: 0/30       AC:  3    Str:  7    XL:     4   Next: 84%
Magic:  3/17       EV: 13    Int: 17    God:
Gold:   132        SH:  0    Dex: 16    Spells: 3/8 levels left

rFire   . . .        q - +0 dagger (elec)
rCold   . . .        (no shield)
rNeg    . . .        b - +0 robe
rPois   .            k - +1 hat
rElec   .            (no cloak)
rCorr   .            (no gloves)
SInv    +            (no boots)
Will    .....        (no amulet)
Stlth   +++          i - ring of magical power {MP+9}
HPRegen 0.45/turn    (no ring)
MPRegen 0.15/turn

%: no passive effects
@: healing quickly, invisible
A: alive, fangs 3, see invisible, vampiric 2
a: Exsanguinate


You were in a sewer.
You visited 1 branch of the dungeon, and saw 3 of its levels.
You also visited: Sewer.

You collected 132 gold pieces.

Inventory:

Hand Weapons
 a - a +1 dagger
 o - a +0 short sword
   (You found it on level 2 of the Dungeon)
 q - a +0 dagger of electrocution (weapon)
   (You found it on level 2 of the Dungeon)
Armour
 b - a +0 robe (worn)
 k - a +1 hat (worn)
   (You found it on level 1 of the Dungeon)
 p - a +0 scale mail
   (You took it off Terence on level 2 of the Dungeon)
Jewellery
 i - a ring of magical power (left hand) {MP+9}
   (You found it on level 1 of the Dungeon)
Scrolls
 d - a scroll of amnesia {unknown}
 e - 3 scrolls of enchant weapon {unknown}
 f - a scroll of teleportation {unknown}
 j - a scroll of torment {unknown}
 l - a scroll of noise {unknown}
 m - 2 scrolls of immolation {!r}
 r - 2 scrolls of identify {unknown}
Potions
 c - a potion of invisibility
 g - a potion of ambrosia {unknown}
 h - a potion of brilliance {unknown}
 n - a potion of lignification {unknown}
 s - 2 potions of curing {unknown}


   Skills:
 + Level 2.4 Short Blades
 + Level 3.1 Dodging
 + Level 5.5 Stealth
 + Level 2.6 Spellcasting
 + Level 5.4 Hexes


You had 3 spell levels left.
You knew the following spells:

 Your Spells              Type           Power      Damage    Failure   Level
a - Tukima's Dance        Hex            20%        N/A       6%          3
b - Ensorcelled Hibernat  Hex/Ice        22%        N/A       9%          2

Your spell library contained the following spells:

 Spells                   Type           Power      Damage    Failure   Level
 Confusing Touch          Hex            20%        N/A       6%          3
 Dazzling Flash           Conj/Hex       22%        N/A       19%         3


Dungeon Overview and Level Annotations

Branches:
Dungeon (3/15)              Sewer (1/1)

Altars:
Fedhas
Gozag
Makhleb
Nemelex Xobeh
Okawaru
Qazlal
Ru
Sif Muna
Trog
Xom

Shops:
D:2 ?

Annotations:
Sewer Pargi


Innate Abilities, Weirdness & Mutations

Your natural rate of healing is accelerated.
You have razor-sharp teeth.
You have supernaturally acute eyesight. (SInv)
You are afflicted with vampirism and can become a bat while bloodless.


Message History

The bat barely misses you. The bat misses you.
Health restored: 30 You hit the bat.
Your bite misses the bat. The bat barely misses you.
The bat hits you but does no damage. The bat misses you.
You hit the bat.
You kill the bat!
The bat hits you but does no damage.
You hit the bat. The bat hits you but does no damage.
You hit the bat.
You kill the bat!
No target in view!
No target in view!
You see here a bat corpse.
Found a gate leading back out of this place.
Pargi the Meek comes into view.
Pargi is nearby!
You see here a potion of berserk rage {!q}.
You closely miss Pargi.
Pargi clenches his claws.
Pargi closely misses you. Pargi claws you. Pargi claws you but does no damage.
You take 2 damage, and have 28/30 hp.
You barely miss Pargi.
Casting: Ensorcelled Hibernation (safe; 9% risk of failure)
Aiming: Ensorcelled Hibernation (safe; 9% risk of failure)
Aim: Pargi (chance to affect: 53%) Pargi looks drowsy...
You now have 15/17 mp.
The helpless Pargi fails to defend himself.
You impale Pargi!! You bite Pargi, but do no damage. Pargi misses you.
Pargi claws you but does no damage. x2
Casting: Ensorcelled Hibernation (safe; 9% risk of failure)
Aiming: Ensorcelled Hibernation (safe; 9% risk of failure)
Aim: Pargi (almost dead, not susceptible) Pargi is unaffected.
Pargi bites you but does no damage. Pargi barely misses you. Pargi misses you.
You now have 13/17 mp.
Casting: Ensorcelled Hibernation (safe; 9% risk of failure)
Aiming: Ensorcelled Hibernation (safe; 9% risk of failure)
Aim: Pargi (almost dead, not susceptible) Pargi is unaffected.
Pargi snarls, "My home!
Leave!"
Pargi bites you but does no damage. Pargi claws you. Pargi misses you.
You now have 11/17 mp.
Casting: Ensorcelled Hibernation (safe; 9% risk of failure)
Aiming: Ensorcelled Hibernation (safe; 9% risk of failure)
Aim: Pargi (severely wounded, not susceptible) Pargi is unaffected.
Pargi pleads, "Don't hit me!"
Pargi closely misses you. x3
You now have 9/17 mp.
Casting: Ensorcelled Hibernation (safe; 9% risk of failure)
Aiming: Ensorcelled Hibernation (safe; 9% risk of failure)
Aim: Pargi (severely wounded, not susceptible) Pargi is unaffected.
Pargi clenches his claws.
Pargi barely misses you. Pargi claws you but does no damage.
Pargi closely misses you.
Health restored: 30 You now have 7/17 mp.
Casting: Ensorcelled Hibernation (safe; 9% risk of failure)
Aiming: Ensorcelled Hibernation (safe; 9% risk of failure)
Aim: Pargi (severely wounded, not susceptible) Pargi is unaffected.
Pargi completely misses you. Pargi claws you.
Pargi claws you but does no damage.
You take 3 damage, and have 27/30 hp.
You now have 6/17 mp.
Casting: Ensorcelled Hibernation (safe; 9% risk of failure)
Aiming: Ensorcelled Hibernation (safe; 9% risk of failure)
Aim: Pargi (severely wounded, not susceptible) Pargi is unaffected.
Pargi closely misses you. Pargi misses you. Pargi barely misses you.
You now have 4/17 mp.
Casting: Ensorcelled Hibernation (safe; 9% risk of failure)
Aiming: Ensorcelled Hibernation (safe; 9% risk of failure)
Aim: Pargi (severely wounded, not susceptible) Pargi is unaffected.
Pargi bites you. Pargi claws you. x2
You take 7 damage, and have 21/30 hp.
MASSIVE DAMAGE!!
You now have 2/17 mp.
You hit Pargi but do no damage. Pargi bites you. Pargi misses you.
Pargi closely misses you.
You take 5 damage, and have 16/30 hp.
You completely miss Pargi. Pargi bites you. Pargi claws you but does no damage.
Pargi barely misses you.
You take 5 damage, and have 11/30 hp.
Pargi attacks as you move away! Pargi bites you but does no damage.
Pargi claws you.
* * * LOW HITPOINT WARNING * * *
Pargi misses you.
Pargi pleads, "Don't hit me!"
You take 2 damage, and have 9/30 hp.
Pargi attacks as you move away! Pargi misses you. Pargi closely misses you.
Pargi claws you.
* * * LOW HITPOINT WARNING * * *
Pargi snarls, "My home!
Leave!"
You see here a potion of berserk rage {!q}.
You take 3 damage, and have 6/30 hp.
You fade into invisibility!
Pargi barely misses you. Pargi claws you.
* * * LOW HITPOINT WARNING * * *
Pargi claws you.
You die...

##...## ##.## #.#
#.# ###### #.#
##.....## #.#
#$......# #.#
#[$.....####.#######
#[:.....T@.........∩
#?$.....############
#$......# ##.....##
######


You could see Pargi (unable to see you).

Vanquished Creatures
  Terence (D:2)
  An adder (D:3)
  2 river rats (D:3)
  A worm (D:3)
  3 dart slugs (D:1 D:3)
  2 orcs (D:3)
  3 endoplasms (D:1 D:2)
  4 giant cockroaches (D:2 D:3)
  6 goblins (D:1 D:2)
  6 hobgoblins (D:1 D:2 D:3)
  3 quokkas (D:1 D:2)
  8 ball pythons (D:1 D:2 D:3)
  7 bats (D:2 Sewer)
  3 frilled lizards (D:1)
  2 kobolds (D:1 D:2)
  7 rats (D:1 D:2 D:3)
59 creatures vanquished.

Vanquished Creatures (collateral kills)
  2 orcs (D:3)
2 creatures vanquished.

Vanquished Creatures (others)
  A dancing weapon (D:2)
1 creature vanquished.

Grand Total: 62 creatures vanquished

Notes
Turn   | Place    | Note
-------+----------+-------------------------------------------
     0 | D:1      | BlasphemerAmon the Vampire Enchanter began the quest for
                  | the Orb.
     0 | D:1      | Reached XP level 1. HP: 13/13 MP: 3/3
   121 | D:1      | HP: 3/13 [hobgoblin (4)]
   123 | D:1      | Reached XP level 2. HP: 6/19 MP: 5/5
   259 | D:1      | Learned a level 2 spell: Ensorcelled Hibernation
   287 | D:1      | HP: 9/19 [hobgoblin (2)]
   814 | D:1      | Gained mutation: You are afflicted with vampirism and can
                  | become a bat while bloodless. [Vampire growth]
   814 | D:1      | Reached XP level 3. HP: 24/24 MP: 6/6
   818 | D:1      | Learned a level 3 spell: Tukima's Dance
   938 | D:2      | Found a bloodstained altar of Trog.
  1088 | D:2      | Found Leycib's Magic Scroll Shop.
  1139 | D:2      | Noticed Terence
  1151 | D:2      | Killed Terence
  1152 | D:2      | Reached skill level 2 in Short Blades
  1152 | D:2      | Reached skill level 5 in Stealth
  1152 | D:2      | Reached skill level 5 in Hexes
  1736 | D:2      | Found a faded altar of an unknown god.
  1745 | D:2      | Reached XP level 4. HP: 24/30 MP: 7/7
  2000 | D:3      | Reached skill level 3 in Dodging
  2127 | D:3      | Found an iron altar of Okawaru.
  2129 | D:3      | Found a stormy altar of Qazlal.
  2132 | D:3      | Found a burning altar of Makhleb.
  2138 | D:3      | Found an opulent altar of Gozag.
  2140 | D:3      | Found a blossoming altar of Fedhas.
  2140 | D:3      | Found a shimmering altar of Xom.
  2142 | D:3      | Found a sacrificial altar of Ru.
  2144 | D:3      | Found a shimmering blue altar of Sif Muna.
  2147 | D:3      | Found a sparkling altar of Nemelex Xobeh.
  2192 | D:3      | HP: 14/30 [ball python (2)]
  2218 | D:3      | HP: 15/30 [worm (4)]
  2224 | D:3      | HP: 4/30 [worm (6)]
  2411 | D:3      | Found a glowing drain.
  2432 | Sewer    | Entered a sewer
  2477 | Sewer    | Noticed Pargi
  2494 | Sewer    | HP: 11/30 [Pargi (6)]
  2496 | Sewer    | HP: 5/30 [Pargi (4)]
  2497 | Sewer    | Slain by Pargi

Illustrated notes

Levels and vault maps discovered:
D:1:      kennysheep_arrival_forest, layout_loops_cross
D:2:      layout_basic, basic_altar, serial_shops, nicolae_shop_tiny_glass,
          hellmonk_ecumenical_altar_blasted, patterned_corridor, uniq_terence
D:3:      minmay_spotlight, layout_loops_corners,
          nicolae_overflow_hallway_of_the_gods, portal_sewer_entry_e
Sewer:    sewer_big_baddie

Skill      XL: |  1  2  3  4 |
---------------+-------------+-----
Short Blades   | 2 |  2.4
Stealth        | 5 |  5.5
Hexes          | 5 |  5.4
Dodging        | 3 |  3.1
Spellcasting   | |  2.6

Action                     |  1- 3 |  4- 6 || total
---------------------------+-------+-------++-------
  Melee: Dagger            |    97 |    83 ||   180
         Bite              |     8 |     8 ||    16
         Punch             |     1 |     1 ||     2
   Cast: Ensorcelled Hiber |     7 |    18 ||    25
         Tukima's Dance    |     1 |     4 ||     5
    Use: Potion            |       |     1 ||     1
   Stab: Sleeping          |    14 |     6 ||    20
 Armour: Robe              |     9 |    45 ||    54
  Dodge: Dodged            |    43 |   107 ||   150

Levels and vault maps discovered:
D:1:      kennysheep_arrival_forest, layout_loops_cross
D:2:      layout_basic, basic_altar, serial_shops, nicolae_shop_tiny_glass,
          hellmonk_ecumenical_altar_blasted, patterned_corridor, uniq_terence
D:3:      minmay_spotlight, layout_loops_corners,
          nicolae_overflow_hallway_of_the_gods, portal_sewer_entry_e
Sewer:    sewer_big_baddie

Table legend: (Time is in decaauts)
 A = Elapsed time spent in this place.
 B = Non-inter-level travel time spent in this place.
 C = Inter-level travel time spent in this place.
 D = Time resting spent in this place.
 E = Time spent auto-exploring this place.
 F = Levels seen in this place.
 G = Mean time per level.
                   A        B        C        D        E       F      G
               +--------+--------+--------+--------+--------+-----+--------+
         Total |   2481 |   2339 |    142 |    281 |   1600 |   4 |  620.2 |
       Dungeon |   2420 |   2278 |    142 |    281 |   1586 |   3 |  806.7 |
         Sewer |     61 |     61 |      0 |      0 |     14 |   1 |   61.0 |
               +--------+--------+--------+--------+--------+-----+--------+

Top non-repeatable levels by time:
     D:1: 933 daAuts
     D:2: 889 daAuts
     D:3: 597 daAuts
   Sewer: 61 daAuts

Table legend:
 A = Kills in this place as a percentage of kills in the entire game.
 B = Kills by you in this place as a percentage of kills by you in the entire game.
 C = Kills by friends in this place as a percentage of kills by friends in the entire game.
 D = Other kills in this place as a percentage of other kills in the entire game.
 E = Experience gained in this place as a percentage of experience gained in the entire game.
 F = Experience gained in this place divided by the number of levels of this place that you have seen.
                   A       B       C       D       E      F
               +-------+-------+-------+-------+-------+----------------------
         Total | 100.0 | 100.0 | 100.0 |   N/A | 100.0 |  45.2
       Dungeon |  90.2 |  89.8 | 100.0 |   N/A |  95.0 |  57.3
         Sewer |   9.8 |  10.2 |   0.0 |   N/A |   5.0 |   9.0
               +-------+-------+-------+-------+-------+----------------------
